 Dungeon Crawl Stone Soup version 0.23.2-40-g277498a001 (webtiles) character file.

Game seed: 10551114868976528864

44 Emblim88 the Vexing (level 3, -2/18 HPs)
             Began as a Spriggan Arcane Marksman on Sept 18, 2019.
             Shot with a stone by a goblin (4 damage)
             ... on level 2 of the Dungeon.
             The game lasted 00:05:09 (1891 turns).

Emblim88 the Vexing (Spriggan Arcane Marksman)      Turns: 1891, Time: 00:05:10

Health: -2/18      AC:  2    Str:  3 (6)  XL:     3   Next: 41%
Magic:  6/6        EV: 18    Int: 12 (14) God:
Gold:   56         SH:  0    Dex: 14 (17) Spells: 3/4 levels left

rFire    . . .     SeeInvis +   h - +0 whip
rCold    . . .     Gourm    .   (shield restricted)
rNeg     . . .     Faith    .   e - +0 robe
rPois    .         Spirit   .   (helmet restricted)
rElec    .         Reflect  .   (no cloak)
rCorr    .         Harm     .   (gloves unavailable)
MR       .....                  (boots unavailable)
Stlth    +.........             (no amulet)
HPRegen  0.06/turn              (no ring)
MPRegen  0.10/turn              (no ring)

@: very quick
A: very small, unfitting armour, see invisible, herbivore, speed 3, slow
metabolism 2
a: no special abilities


You were on level 2 of the Dungeon.
You were not hungry.

You visited 1 branch of the dungeon, and saw 3 of its levels.

You collected 56 gold pieces.

Inventory:

Hand Weapons
 a - a +0 hunting sling
 h - a +0 whip (weapon)
Missiles
 l - 23 arrows
Armour
 e - a +0 robe (worn)
Scrolls
 b - 2 scrolls of identify
 g - a scroll of noise
Potions
 c - a potion of brilliance {unknown}
Comestibles
 f - 2 rations


   Skills:
 + Level 1.2 Fighting
 + Level 3.8 Slings
 + Level 3.1 Dodging
 + Level 0.3 Stealth
 + Level 1.3 Spellcasting
 + Level 4.1 Hexes


You had 3 spell levels left.
You knew the following spells:

 Your Spells              Type           Power        Failure   Level  Hunger
a - Corona                Hex            ##.....      5%          1    ##.....

Your spell library contained the following spells:

 Spells                   Type           Power        Failure   Level  Hunger
 Slow                     Hex            ##......     8%          2    ###....
 Inner Flame              Hex/Fire       #.......     36%         3    ####...
 Portal Projectile        Hex/Tloc       #.....       36%         3    ####...
 Cause Fear               Hex            ##........   45%         4    #####..
 Leda's Liquefaction      Hex/Erth       #.........   77%         4    #####..


Dungeon Overview and Level Annotations

Branches:
Dungeon (3/15)

Altars:

Annotations:
D:2 Robin


Innate Abilities, Weirdness & Mutations

You are very small and have problems with some larger weapons.
You are too small for most types of armour.
You have supernaturally acute eyesight. (SInv)
You are a herbivore.
You cover ground extremely quickly.
You need to consume almost no food.


Message History

The goblins go into a battle-frenzy!
The goblin misses you.
The goblin unwields a +0 club.
The goblin wields a +0 hunting sling.
The goblin shoots a stone.
The stone closely misses you.
The stone barely misses the hobgoblin.
The hobgoblin misses you. The kobold closely misses you.
The goblin shoots a stone.
The stone completely misses you.
The stone barely misses Robin.
The goblin completely misses you.
The goblin unwields a +0 hunting sling.
The goblin wields a +0 club.
The goblin hits you with a +0 club.
* * * LOW HITPOINT WARNING * * *
The goblin shoots a stone.
The stone closely misses you.
The goblin shoots a stone.
The stone closely misses you.
The goblin unwields a +0 club.
The goblin wields a +0 hunting sling.
The goblin shoots a stone.
The stone misses you.
You see here a stone.
Robin throws the goblin at you!
There is a stone staircase leading up here.
The goblin misses you.
The goblin shoots a stone.
The stone hits you.
You die...

#<...#
#...#....#....#.
....###...........
#...................
........ .......(...#
........###(.(......#
.....##..##.........#
#.##. ##..(...g....#
.......@...(.#
##.....((....###
#.##..(K.......
##.ggg.......
.####.(.Kg.......
......(..........
.#####(>.........
##.......g.. . ..#
..(..###....


You could see Robin, 2 hobgoblins, 3 goblins and 2 kobolds.

Vanquished Creatures
  2 dart slugs (D:1)
  A leopard gecko (D:1)
  6 bats
  A giant cockroach (D:1)
  8 goblins
  5 hobgoblins (D:1)
  A jackal (D:1)
  A quokka (D:3)
  A frilled lizard (D:1)
  5 kobolds (D:1)
  4 rats (D:1)
35 creatures vanquished.

Notes
Turn   | Place    | Note
-------+----------+-------------------------------------------
     0 | D:1      | Emblim88 the Spriggan Arcane Marksman began the quest for
                  | the Orb.
     0 | D:1      | Reached XP level 1. HP: 9/9 MP: 3/3
   205 | D:1      | Reached skill level 4 in Hexes
   208 | D:1      | Reached XP level 2. HP: 5/14 MP: 5/5
   922 | D:1      | Reached skill level 1 in Fighting
   998 | D:1      | Reached XP level 3. HP: 12/18 MP: 6/6
  1278 | D:2      | Noticed Robin
  1891 | D:2      | Shot with a stone by a goblin

Skill      XL: |  1  2 |
---------------+-------+-----
Hexes          | 4 |  4.1
Slings         | 3 |  3.8
Fighting       | 1 |  1.2
Dodging        | |  3.1
Stealth        | |  0.3
Spellcasting   | |  1.3

Action                   || total
-------------------------++-------
Melee: Whip              ||    23
 Fire: Hunting sling     ||   120
  Use: Scroll            ||     4
       Potion            ||     3
Armor: Robe              ||    19
Dodge: Dodged            ||   186
